 Dungeon Crawl Stone Soup version 0.31-a0-851-g7ff8af7976 (webtiles) character file.

Game seed: 12794003136381104976

34337 MachoJfn the Protected (level 13, -13/106 HPs)
             Began as a Demonspawn Gladiator on Oct 5, 2023.
             Was the Champion of Wu Jian.
             Mangled by a white ugly thing (15 damage)
             ... on level 15 of the Dungeon on Oct 6, 2023.
             The game lasted 01:18:26 (21960 turns).

MachoJfn the Protected (Demonspawn Gladiator)      Turns: 21960, Time: 01:18:30

Health: -13/106    AC: 24    Str: 18    XL:     13   Next: 41%
Magic:  14/14      EV: 12    Int: 11    God:    Wu Jian [******]
Gold:   1117       SH:  4    Dex: 25    Spells: 13/13 levels left

rFire   + + .        H - +12 spear of Parts Unknown {heavy, Stlth+}
rCold   . . .        (no shield)
rNeg    . . .        Q - +4 chain mail
rPois   +            w - +1 hat
rElec   +            p - scarf {harm}
rCorr   +            k - +3 pair of gloves "Jighuy" {rElec Dex+4}
SInv    .            M - +0 pair of boots
Will    +....        (no amulet)
Stlth   +            h - ring of fire
HPRegen 0.37/turn    E - +6 ring of dexterity
MPRegen 0.28/turn

%: harm (+30% outgoing, +20% incoming)
@: mighty, resistant
A: horns 2, large bone plates 1, magic regeneration, condensation shield,
strong-willed 1, inability to read after injury 1
a: Renounce Religion, Wall Jump, Serpent's Lash, Heavenly Storm


You were on level 15 of the Dungeon.
You worshipped Wu Jian.
Wu Jian was exalted by your worship.
You visited 3 branches of the dungeon, and saw 17 of its levels.
You also visited: Ossuary.

You collected 1117 gold pieces.

Inventory:

Hand Weapons
 n - the +5 short sword of Eheizie {flame, rCorr Dex-5 SInv Stlth+}
   (You found it on level 14 of the Dungeon)

   Dex-5:     It affects your dexterity (-5).
   SInv:      It lets you see invisible.
   rCorr:     It protects you from acid and corrosion.
   Stlth+:    It makes you more stealthy.
 v - a +9 vampiric trident
 A - a +1 lajatang of freezing
 H - the +12 spear of Parts Unknown (weapon) {heavy, Stlth+}
   (You found it on level 9 of the Dungeon)

   Stlth+:    It makes you more stealthy.
Missiles
 d - a throwing net (quivered)
 e - a javelin
 i - 9 atropa-tipped darts
 l - 80 stones
 q - 39 poisoned darts
 t - 9 curare-tipped darts
 K - 26 large rocks
Armour
 k - the +3 pair of gloves "Jighuy" (worn) {rElec Dex+4}
   (You found it on level 12 of the Dungeon)

   Dex+4:     It affects your dexterity (+4).
   rElec:     It insulates you from electricity.
 p - a scarf of harm (worn)
 w - a +1 hat (worn)
 M - a +0 pair of boots (worn)
 Q - a +4 chain mail (worn)
Magical Staves
 J - a staff of fire
Jewellery
 h - a ring of fire (left hand)
 u - a ring of willpower
 E - a +6 ring of dexterity (right hand)
 S - an amulet of regeneration
Wands
 s - a wand of flame (39)
 y - a wand of paralysis (20)
 L - a wand of quicksilver (5)
 N - a wand of mindburst (10)
 P - a wand of polymorph (4)
Scrolls
 c - a scroll of vulnerability
 f - 5 scrolls of teleportation
 m - 3 scrolls of fog
 o - a scroll of torment
 r - a scroll of enchant weapon
 x - 3 scrolls of revelation
 C - 2 scrolls of immolation
 D - 5 scrolls of identify
 I - a scroll of blinking
 O - a scroll of amnesia
Potions
 a - 3 potions of mutation
 b - a potion of cancellation
 g - 5 potions of degeneration
 j - 3 potions of brilliance
 F - 2 potions of haste
 G - 3 potions of attraction


   Skills:
 + Level 11.3 Fighting
 + Level 13.1 Polearms
 - Level 1.9 Throwing
 + Level 14.5 Armour
 + Level 5.7 Dodging
 + Level 3.6 Stealth
 + Level 4.0 Shields
 - Level 0.8 Spellcasting
 + Level 2.7 Evocations


You had 13 spell levels left.
You didn't know any spells.
Your spell library contained the following spells:

 Spells                   Type           Power      Damage    Failure   Level
 Sublimation of Blood     Necr           0%         N/A       95%         2
 Wereblood                Tmut           0%         N/A       95%         2
 Dazzling Flash           Conj/Hex       0%         N/A       99%         3
 Ignite Poison            Fire/Tmut/Pois 0%         N/A       99%         3
 Sticky Flame             Conj/Fire      0%         2d3       100%        4
 Agony                    Necr           0%         N/A       100%        5
 Silence                  Hex/Air        0%         N/A       100%        5
 Summon Hydra             Summ           0%         N/A       100%        7
 Ignition                 Fire           0%         3d3       100%        8


Dungeon Overview and Level Annotations

Branches:
Dungeon (15/15)            Temple (1/1) D:4            Lair (0/5) D:10
    Orc (1/2) D:11         Vaults (0/5) D:13         Depths (0/4) D:15
Ossuary (visited)

Altars:
Ashenzari
Cheibriados
Dithmenos
Fedhas
Gozag
Hepliaklqana
Kikubaaqudgha
Makhleb
Nemelex Xobeh
Okawaru
Qazlal
Ru
Sif Muna
Trog
Uskayaw
Vehumet
Wu Jian
Xom
Yredelemnul

Shops:
D:11 :   D:14 :

Annotations:
D:14 3 runed translucent doors, Xacosk's ghost, journeyman DsCK
Orc:1 Fannar


Innate Abilities, Weirdness & Mutations

You have a pair of horns on your head.
You are partially covered in large bone plates. (SH +4)
You regenerate magic rapidly.
A meltable shield of frost defends you. (SH +0)
You are strong-willed. (Will+)
You occasionally lose the ability to read scrolls when taking damage.


Message History

You puncture the five-headed hydra! You headbutt the five-headed hydra!
The five-headed hydra is heavily wounded.
The five-headed hydra bites you but does no damage. x2
The five-headed hydra bites you.
The five-headed hydra bites you but does no damage.
You block the five-headed hydra's attack.
You hit the five-headed hydra.
The five-headed hydra is heavily wounded.
The purple ugly thing gores you!
* * * LOW HITPOINT WARNING * * *
The five-headed hydra bites you.
* * * LOW HITPOINT WARNING * * *
The five-headed hydra completely misses you.
The five-headed hydra barely misses you.
The five-headed hydra bites you but does no damage.
The five-headed hydra closely misses you.
You barely miss the five-headed hydra. You headbutt the five-headed hydra.
The five-headed hydra is heavily wounded.
The purple ugly thing gores you but does no damage.
The green ugly thing basks in the mutagenic energy from its kin and changes!
You impale the five-headed hydra!!
You kill the five-headed hydra!
The Council accepts your kill.
The white ugly thing punches you but does no damage.
You block the green ugly thing's attack.
The purple ugly thing barely misses you.
Your Shields skill increases to level 4!
You feel protected.
The white ugly thing punches you but does no damage.
The green ugly thing engulfs you but does no damage.
The purple ugly thing gores you.
* * * LOW HITPOINT WARNING * * *
You feel very mighty all of a sudden.
You block the white ugly thing's attack.
The green ugly thing engulfs you!
* * * LOW HITPOINT WARNING * * *
The white ugly thing punches you.
* * * LOW HITPOINT WARNING * * *
The white ugly thing freezes you!
You die...

#.......... ......... #.####
....... ...... ..... ....#
.u.##......# ..
#..u..#....##. ## #
###†#####....... ..
..###......#†....#.. #
........†.uu@....#.# #
...........uuu.....##########
...........................##
##.................#######...
.............................
.##.....................†..#.
##.........####..#####.....
#..........##..÷..†.....###
#..........##.....##..###


You could see 5 ugly things.

Vanquished Creatures
  A stone giant (D:15)
  2 hydras
  Erolcha (D:9)
  An ogre mage (D:13)
  8 two-headed ogres
  2 centaur warriors
  2 dancing weapons (D:13)
  A tengu warrior (D:13)
  A boulder beetle (D:13)
  The ghost of pokeman the Thaumaturge, a novice DEHW of Vehumet (D:8)
  Pikel (D:8)
  13 ugly things
  A manticore (D:15)
  5 cyclopes
  3 gargoyles
  Maggie (D:7)
  A komodo dragon (D:11)
  4 yaktaurs
  2 kobold demonologists
  A komodo dragon (shapeshifter) (D:15)
  An efreet (D:13)
  2 trolls
  2 hornets
  Sigmund (D:6)
  4 slime creatures (D:12)
  A vampire (D:11)
  2 shadows
  A spriggan (D:13)
  3 wyverns
  A basilisk (D:15)
  13 yaks
  2 vampire mosquitoes (D:11)
  2 steam dragons
  2 acid dragons
  2 water moccasins
  Duvessa (D:7)
  An ice beast (D:4)
  2 sky beasts (D:8)
  8 orc warriors
  6 ogres
  7 centaurs
  A phantom (D:5)
  A lemure (D:8)
  3 kobold brigands
  3 bullfrogs
  3 scorpions
  10 wights
  Dowan (D:7)
  4 killer bees (D:8)
  6 howler monkeys
  2 jellies
  10 orc priests
  5 hounds
  7 sleepcaps
  A gnoll bouda (D:7)
  2 iguanas (D:5)
  Natasha (thrice) (D:3)
  16 orc wizards
  A mummy (Ossuary)
  14 gnolls
  11 adders
  A shadow imp (D:6)
  A white imp (D:7)
  An ufetubus (D:6)
  4 worms
  6 dart slugs
  87 orcs
  2 spectral bats (Ossuary)
  9 ball pythons
  5 bats
  10 endoplasms
  3 giant cockroaches
  12 gnoll zombies (Ossuary)
  4 goblins
  10 hobgoblins
  3 jackals (D:1)
  7 quokkas
  3 bat simulacra (Ossuary)
  2 frilled lizards (D:3)
  2 goblin simulacra (Ossuary)
  6 goblin zombies (Ossuary)
  6 hobgoblin zombies (Ossuary)
  26 kobolds
  4 kobold simulacra (Ossuary)
  2 kobold zombies (Ossuary)
  4 orc zombies (Ossuary)
  4 rats
  3 rat simulacra (Ossuary)
  4 spectral goblins (Ossuary)
  4 spectral kobolds (Ossuary)
  4 spectral rats (Ossuary)
459 creatures vanquished.

Vanquished Creatures (collateral kills)
  A gnoll sergeant (D:10)
  2 gnolls (D:10)
3 creatures vanquished.

Vanquished Creatures (others)
  An orc (Orc:1)
  A goblin (D:4)
2 creatures vanquished.

Grand Total: 464 creatures vanquished

Notes
Turn   | Place    | Note
-------+----------+-------------------------------------------
     0 | D:1      | MachoJfn the Demonspawn Gladiator began the quest for the
                  | Orb.
     0 | D:1      | Reached XP level 1. HP: 16/16 MP: 1/1
   206 | D:1      | Gained mutation: You regenerate magic rapidly. [demonic
                  | ancestry]
   206 | D:1      | Reached XP level 2. HP: 21/22 MP: 2/2
   597 | D:1      | Reached XP level 3. HP: 24/27 MP: 3/3
  1469 | D:2      | Found a faded altar of an unknown god.
  1473 | D:2      | Prayed at the altar of an unknown god.
  1473 | D:2      | Became a worshipper of the Wu Jian Council
  1473 | D:2      | Reached * piety under Wu Jian
  1940 | D:3      | Reached XP level 4. HP: 33/33 MP: 5/5
  2180 | D:3      | Found an iron altar of Okawaru.
  2199 | D:3      | Noticed Natasha
  2229 | D:3      | Killed Natasha
  2230 | D:3      | Reached skill level 1 in Armour
  2433 | D:3      | Noticed Natasha
  2441 | D:3      | Killed Natasha
  2441 | D:3      | Reached ** piety under Wu Jian
  2442 | D:3      | Gained mutation: You have a pair of small horns on your
                  | head. [demonic ancestry]
  2442 | D:3      | Reached XP level 5. HP: 34/39 MP: 6/6
  2711 | D:3      | Noticed Natasha
  2722 | D:3      | Killed Natasha
  2873 | D:4      | Noticed an ice beast
  2955 | D:4      | Reached skill level 2 in Armour
  3006 | D:4      | Killed an ice beast
  3007 | D:4      | Reached XP level 6. HP: 16/46 MP: 7/7
  3218 | D:4      | Found a staircase to the Ecumenical Temple.
  3276 | Temple   | Entered the Ecumenical Temple
  3593 | D:4      | Reached skill level 5 in Polearms
  3745 | D:4      | Gained mutation: You occasionally lose the ability to read
                  | scrolls when taking damage. [potion of mutation]
  3745 | D:4      | Gained mutation: You are strong-willed. (Will+) [potion of
                  | mutation]
  3960 | D:4      | Reached XP level 7. HP: 52/52 MP: 8/8
  4055 | D:4      | Reached skill level 3 in Armour
  4087 | D:4      | Noticed a steam dragon
  4099 | D:4      | Killed a steam dragon
  4213 | D:4      | Reached *** piety under Wu Jian
  4406 | D:5      | Entered Level 5 of the Dungeon
  4652 | D:5      | Gained mutation: You have a pair of horns on your head.
                  | [demonic ancestry]
  4652 | D:5      | Reached XP level 8. HP: 42/60 MP: 9/9
  4671 | D:5      | Reached skill level 4 in Armour
  5604 | D:5      | Found an ancient bone altar of Kikubaaqudgha.
  6042 | D:6      | Reached **** piety under Wu Jian
  6043 | D:6      | Reached skill level 5 in Fighting
  6043 | D:6      | Reached skill level 5 in Armour
  6155 | D:6      | Reached XP level 9. HP: 68/68 MP: 10/10
  6280 | D:6      | Noticed Sigmund
  6294 | D:6      | Killed Sigmund
  6295 | D:6      | Reached skill level 6 in Armour
  6472 | D:6      | Found a sand-covered staircase.
  6480 | Ossuary  | Entered an ossuary
  6657 | Ossuary  | Reached ***** piety under Wu Jian
  8224 | D:7      | Noticed Duvessa
  8224 | D:7      | Noticed Dowan
  8230 | D:7      | Killed Dowan
  8240 | D:7      | Killed Duvessa
  8241 | D:7      | Reached skill level 7 in Armour
  8567 | D:7      | Noticed Maggie
  8581 | D:7      | Killed Maggie
  8582 | D:7      | Reached skill level 1 in Stealth
  8962 | D:8      | Found a runed translucent door.
  8962 | D:8      | Noticed pokeman's ghost (novice DEHW)
  9129 | D:8      | Gained mutation: A meltable shield of frost defends you.
                  | (SH +0) [demonic ancestry]
  9129 | D:8      | Reached XP level 10. HP: 76/77 MP: 11/11
  9186 | D:8      | Killed pokeman's ghost
  9187 | D:8      | Reached skill level 10 in Polearms
  9446 | D:8      | Noticed Pikel
  9473 | D:8      | Killed Pikel
  9979 | D:9      | Reached skill level 8 in Armour
 10009 | D:9      | Identified the +12 spear of Parts Unknown {heavy, Stlth+}
 10306 | D:9      | Noticed Erolcha
 10323 | D:9      | Killed Erolcha
 10599 | D:9      | Noticed a gargoyle
 10606 | D:9      | Killed a gargoyle
 10761 | D:9      | Reached skill level 1 in Shields
 10767 | D:9      | Reached XP level 11. HP: 71/87 MP: 12/12
 11238 | D:9      | Paralysed by a hornet for 2 turns
 11597 | D:10     | Entered Level 10 of the Dungeon
 11706 | D:9      | Reached skill level 9 in Armour
 13505 | D:10     | Found a staircase to the Lair.
 13607 | D:10     | Noticed a two-headed ogre
 13638 | D:10     | Killed a two-headed ogre
 13640 | D:10     | Reached skill level 10 in Armour
 14304 | D:11     | Noticed a two-headed ogre
 14310 | D:11     | Killed a two-headed ogre
 14646 | D:11     | Found a staircase to the Orcish Mines.
 14818 | D:11     | Noticed a purple ugly thing
 14823 | D:11     | Killed a purple ugly thing
 14892 | D:11     | Noticed a two-headed ogre
 14897 | D:11     | Killed a two-headed ogre
 14898 | D:11     | Reached skill level 11 in Armour
 15019 | D:11     | Found Didgh's Book Emporium.
 15304 | Orc:1    | Entered Level 1 of the Orcish Mines
 15304 | Orc:1    | Noticed an orc sorcerer
 15305 | Orc:1    | Noticed Fannar
 15462 | D:12     | Reached ****** piety under Wu Jian
 15463 | D:12     | Reached XP level 12. HP: 97/97 MP: 13/13
 15489 | D:12     | Noticed a six-headed hydra
 15498 | D:12     | Killed a six-headed hydra
 15499 | D:12     | Reached skill level 5 in Dodging
 15499 | D:12     | Reached skill level 1 in Evocations
 15668 | D:12     | Reached skill level 10 in Fighting
 15733 | D:12     | Noticed a two-headed ogre
 15744 | D:12     | Killed a two-headed ogre
 16129 | D:12     | Identified the +3 pair of gloves "Jighuy" {rElec Dex+4}
 16217 | D:12     | Noticed a two-headed ogre
 16224 | D:12     | Killed a two-headed ogre
 16946 | D:13     | Found a gate to the Vaults.
 16950 | D:13     | Reached skill level 12 in Armour
 17129 | D:13     | Noticed a centaur warrior
 17129 | D:13     | Noticed a two-headed ogre
 18159 | D:12     | Killed a two-headed ogre
 18711 | D:13     | Killed a centaur warrior
 18757 | D:13     | Noticed a boulder beetle
 19158 | D:13     | Noticed a tengu warrior
 19159 | D:13     | Noticed an ogre mage
 19184 | D:13     | Killed an ogre mage
 19233 | D:13     | Found a hazy altar of Hepliaklqana.
 19233 | D:13     | Found a faded altar of an unknown god.
 19242 | D:13     | Killed a tengu warrior
 19243 | D:13     | Reached skill level 13 in Armour
 19675 | D:13     | Killed a boulder beetle
 19866 | D:14     | Noticed a two-headed ogre
 19872 | D:14     | Killed a two-headed ogre
 19877 | D:14     | Identified the +5 short sword of Eheizie {flame, rCorr
                  | Dex-5 SInv Stlth+}
 20210 | D:14     | Found a runed translucent gate.
 20210 | D:14     | Found a runed translucent gate.
 20212 | D:14     | Found a runed translucent gate.
 20216 | D:14     | Noticed a ten-headed hydra
 20216 | D:14     | Noticed Xacosk's ghost (journeyman DsCK)
 20217 | D:14     | Noticed a 12-headed hydra
 20279 | D:14     | Noticed a two-headed ogre
 20285 | D:14     | Killed a two-headed ogre
 20286 | D:14     | Reached skill level 14 in Armour
 20286 | D:14     | Gained mutation: You are partially covered in large bone
                  | plates. (SH +4) [demonic ancestry]
 20286 | D:14     | Reached XP level 13. HP: 104/105 MP: 14/14
 20322 | D:14     | Found a sparkling altar of Nemelex Xobeh.
 20406 | D:14     | Found Nexeoleg's Book Shop.
 20680 | D:15     | Entered Level 15 of the Dungeon
 20807 | D:15     | Found a staircase to the Depths.
 20807 | D:15     | Noticed a stone giant
 21535 | D:15     | Killed a stone giant
 21679 | D:15     | Identified the +0 whip "Hulk" {holy, rPois Str+4 Dex+3}
 21960 | D:15     | HP: 5/106 [green ugly thing (10)]
 21960 | D:15     | HP: 2/106 [white ugly thing (3)]
 21960 | D:15     | Mangled by a white ugly thing

Illustrated notes

Levels and vault maps discovered:
D:1:      spicycebolla_green_bress_n_ham, layout_basic
D:2:      layout_loops_ring, serial_rivers, chequers_serial_rivers_micro_c,
          chequers_serial_rivers_micro_e, chequers_serial_rivers_small_3,
          chequers_serial_rivers_small_a,
          hellmonk_ecumenical_altar_inner_sanctum
D:3:      layout_basic, mainiacjoe_overflow_24_doors, uniq_natasha
D:4:      layout_rooms, tso_oasis_becter, minmay_temple_entry_ruins,
          nzn_random_ring
D:5:      layout_basic, kiku_gazebo_pond_becter
D:6:      layout_basic, nicolae_ossuary_entry_plus, minmay_manual_mess,
          uniq_sigmund
D:7:      layout_basic, uniq_duvessa, uniq_maggie
D:8:      layout_basic, hellmonk_ghost_happy_afterlife, uniq_pikel
D:9:      layout_roguey [special_room_orc], supply_closet_lemuel,
          roderic_lattice_a, uniq_erolcha
D:10:     layout_cave_pods, lair_entry_dummy, special_room [special_room_orc]
D:11:     layout_roguey, david_orc_2, serial_shops, shop
D:12:     statuecave_lemuel, layout_irregular_city
D:13:     layout_long_grid, erik_vaults_1, serial_bayou_pond_c, minmay_holes,
          beargit_hepliaklqana_dungeon_heroes
D:14:     layout_loops_ring, gammafunk_ghost_hydra_chop, serial_shops,
          nicolae_shop_tiny_waterfront, nemelex_lonely_heart_becter
D:15:     grunt_enter_depths_giant_problem, layout_rooms,
          chequers_serial_rivers_marsh, nicolae_sif_muna_condensation
Temple:   hellmonk_temple_of_storms
Orc:1:    layout_caves, uniq_fannar

Skill      XL: |  1  2  3  4  5  6  7  8  9 10 11 12 13 |
---------------+----------------------------------------+-----
Dodging        | 3 4 5 |  5.7
Polearms       | 3 4 5 6 7 9 11 12 13 | 13.1
Armour         | 1 2 3 5 7 8 11 14 | 14.5
Fighting       | 3 4 5 6 8 9 10 11 | 11.3
Stealth        | 1 2 3 |  3.6
Shields        | 1 2 4 |  4.0
Evocations     | 2 |  2.7
Throwing       | |  1.9
Spellcasting   | |  0.8

Action                     |  1- 3 |  4- 6 |  7- 9 | 10-12 | 13-15 || total
---------------------------+-------+-------+-------+-------+-------++-------
  Melee: Trident           |   142 |   175 |   535 |    87 |       ||   939
         Headbutt          |       |    13 |    75 |    83 |    25 ||   196
         Punch             |       |     1 |     9 |     9 |     1 ||    20
         Spear             |       |       |       |   456 |    96 ||   552
  Throw: Throwing net      |     1 |       |     1 |       |       ||     2
         Dart              |       |     2 |       |       |       ||     2
 Invoke: Heavenly Storm    |       |       |       |     2 |       ||     2
Ability: Whirlwind         |     3 |       |     2 |     9 |     3 ||    17
         Lunge             |       |     1 |     2 |     9 |     2 ||    14
         Wall Jump         |       |       |     1 |     2 |       ||     3
  Evoke: Wand              |       |       |       |    12 |       ||    12
    Use: Scroll            |     4 |     8 |     7 |     9 |       ||    28
         Potion            |     1 |     5 |     8 |    11 |     4 ||    29
   Stab: Sleeping          |     1 |       |       |       |       ||     1
         Invisible         |     1 |       |       |       |       ||     1
         Held in net/web   |       |       |     4 |       |       ||     4
         Paralysed         |       |       |       |     1 |       ||     1
 Armour: Leather armour    |    76 |       |       |       |       ||    76
         Chain mail        |     4 |   140 |   268 |   285 |    77 ||   774
         Skin              |     1 |       |    19 |    63 |       ||    83
  Dodge: Dodged            |    94 |    90 |   117 |   150 |    30 ||   481
  Block: Other             |       |       |       |    50 |    22 ||    72

Table legend: (Time is in decaauts)
 A = Elapsed time spent in this place.
 B = Non-inter-level travel time spent in this place.
 C = Inter-level travel time spent in this place.
 D = Time resting spent in this place.
 E = Time spent auto-exploring this place.
 F = Levels seen in this place.
 G = Mean time per level.
                   A        B        C        D        E       F      G
               +--------+--------+--------+--------+--------+-----+--------+
         Total |  21848 |  19301 |   2547 |   8213 |   7627 |  18 | 1213.8 |
       Dungeon |  21299 |  18833 |   2466 |   8159 |   7527 |  15 | 1419.9 |
        Temple |    128 |     47 |     81 |      0 |     46 |   1 |  128.0 |
  Orcish Mines |      1 |      1 |      0 |      0 |      0 |   1 |    1.0 |
       Ossuary |    418 |    418 |      0 |     54 |     54 |   1 |  418.0 |
               +--------+--------+--------+--------+--------+-----+--------+

Top non-repeatable levels by time:
     D:9: 3155 daAuts
    D:12: 2897 daAuts
     D:7: 1649 daAuts
    D:14: 1580 daAuts
    D:13: 1548 daAuts
     D:5: 1370 daAuts
     D:4: 1342 daAuts
    D:10: 1124 daAuts
    D:11: 1124 daAuts
     D:6: 1037 daAuts
     D:1: 1019 daAuts
     D:3: 1017 daAuts
     D:8: 1015 daAuts
     D:2: 929 daAuts
    D:15: 488 daAuts
